[Event "*** Titled Tuesday Blitz"]
[Site "Chess.com"]
[Date "2019.08.06"]
[Round "6"]
[White "marianokar"]
[Black "EugeneRougon"]
[Result "1-0"]
[WhiteElo "2448"]
[BlackElo "2636"]
[TimeControl "180+2"]
[EndTime "14:25:27 PDT"]
[Termination "marianokar won by resignation"]

1. d4 d5 2. c4 c6 3. Nf3 Nf6 4. e3 e6 5. Nbd2 c5 6. b3 cxd4 7. exd4 Nc6 8. Bb2 Be7 9. a3 b6 10. Bd3 Bb7 11. Qe2 O-O 12. O-O a5 13. Rac1 Rc8 14. c5 Nd7 15. cxb6 Qxb6 16. Rc2 Bf6 17. Qe3 e5 18. dxe5 Qxe3 19. fxe3 Ncxe5 20. Nxe5 Nxe5 21. Rxc8 Bxc8 22. Bxe5 Bxe5 23. Nf3 Bd6 24. a4 Re8 25. Kf2 Bc5 26. Nd4 Bd7 27. Rc1 Rc8 28. Bb5 Bxb5 29. axb5 Rc7 30. Nc6 Bd6 31. Rd1 Kf8 32.
Rxd5 Be7 33. Nxa5 Bc5 34. Nc6 Be7 35. Rd4 Rb7 36. Ra4 f6 37. Ra7 Rxa7 38. Nxa7 Ke8 39. Nc6 Bc5 40. Kf3 Kd7 41. Ke4 Kd6 42. g4 Bb6 43. h3 Kc5 44. Nd4 g6 45. h4 Kd6 46.
b4 Ba7 47. Nc6 Bb6 48. Na5 Ke6 49. Nc4 f5+ 50. gxf5+ gxf5+ 51. Kd3 Bc7 52. b6 Bg3 53. h5 Kd5 54. Na5 Bd6 55. Kc3 f4 56. exf4 Bxf4 57. b7 Bc7 58. Kb3 Kd6 59. Kc4 Bb8 60. Kb5 Kc7 61. Ka6 Kd6 62. b5 Kd7 63. Nc6 Kc7 64.
Nxb8 Kxb8 65. Ka5 Kxb7 66. Kb4 Kb6 67. Kc4 h6 68. Kb4 Kb7 69. Kc5 Kc7 70. Kd5 Kb6 71.
Ke6 Kxb5 72. Kf6 Kc6 73. Kg6 Kd7 74. Kxh6 Ke7 75. Kg7 1-0

[Event "*** Titled Tuesday Blitz"]
[Site "Chess.com"]
[Date "2019.08.06"]
[Round "6"]
[White "resha1988"]
[Black "GMSrinath"]
[Result "0-1"]
[WhiteElo "2775"]
[BlackElo "2835"]
[TimeControl "180+2"]
[EndTime "14:25:37 PDT"]
[Termination "GMSrinath won by resignation"]

1. d4 Nf6 2. c4 c5 3. d5 g6 4. Nc3 Bg7 5. e4 O-O 6. Nf3 e6 7. h3 exd5 8. exd5 Re8+ 9. Be2 d6 10. O-O Ne4 11. Nxe4 Rxe4 12. Bd3 Re8 13. Qc2 Nd7 14. Bf4 Ne5 15. Nxe5 Bxe5 16. Bxe5 Rxe5 17. f4 Re8 18. f5 Qg5 19. Rf3 Bd7 20. Raf1 Re3 21. fxg6 fxg6 22. Qf2 Rxf3 23. Qxf3 Qe7 24. Qf6 Qe3+ 25. Rf2 Qxd3 26.
Qf7+ Kh8 27. Qxd7 Qxc4 28. Rf7 Qd4+ 29. Kh1 Kg8 30. Qxb7 Re8 31. Re7 Qd1+ 32. Kh2 Rxe7 33. Qxe7 Qxd5 34. Qxa7 Qe5+ 35. Kh1 Qxb2 36. a4 c4 37.
Qa8+ Kg7 38. Qa7+ Kf6 39. a5 Qa1+ 40. Kh2 Qe5+ 41. Kg1 c3 42. a6 c2 43. Qf2+ Qf5 44. Qd4+ Kf7 45. Qc4+ d5 46. Qc7+ Kf6 47. a7 Qd3 48. a8=Q Qd1+ 49. Kh2 c1=Q 50. Qad8+ Kf5 51. Qf8+ Ke4 52. Qce7+ Kd3 53. Qa3+ Qxa3 54. Qxa3+ Ke2 55. Qa2+ Kf1 56. Qa6+ Ke1 57. Qe6+ Kf1 58. Qf7+ Ke2 59. Qe6+ Kf2 60. Qf7+ Ke3 61. Qxh7 Qd3 62. Qh6+ Ke2 63. h4 Qf5 64. Kg3 d4 65. Qg7 d3 66. Qe7+ Kd1 67.
Qa3 Qe5+ 68. Kf3 Qe2+ 69. Kg3 Qe3+ 70. Kg4 Ke2 71. Qa6 Kf2 72. Qxg6 Qg3+ 73. Kf5 Qxg6+ 74.
Kxg6 d2 75. h5 d1=Q 76. h6 Qd4 77. h7 Kxg2 0-1

[Event "*** Titled Tuesday Blitz"]
[Site "Chess.com"]
[Date "2019.08.06"]
[Round "6"]
[White "Blazinq"]
[Black "Tjktiger"]
[Result "0-1"]
[WhiteElo "2604"]
[BlackElo "2822"]
[TimeControl "180+2"]
[EndTime "14:26:00 PDT"]
[Termination "Tjktiger won by resignation"]

1. e4 c5 2. Nf3 Nc6 3. d4 cxd4 4. Nxd4 g6 5. c4 Bg7 6. Be3 d6 7. Nc3 Qb6 8. Ndb5 Bxc3+ 9. bxc3 Qa5 10. Qb3 Nf6 11.
f3 O-O 12. Be2 Be6 13. O-O Rfc8 14. Nd4 Bd7 15. Rab1 Be8 16. Bf2 b6 17. Rfc1 Ne5 18. Qb4 Qa4 19. Qxa4 Bxa4 20. Rb4 Be8 21. h3 Rab8 22.
a4 a5 23. Rb2 Nxc4 24. Bxc4 Rxc4 25. Rcb1 Nd7 26. Nb5 Rxa4 27. Nc7 Rc4 28. Nd5 Kf8 29. Bxb6 e6 30. Nf4 Nxb6 31. Rxb6 Rxb6 32. Rxb6 Rxc3 33.
Rxd6 Rc6 34. Rd8 Ra6 35. Rd3 a4 36. Ra3 Bb5 37. Kf2 Rc6 38. Ke3 Rc2 39. g3 h6 40.
h4 Ke7 41. Nd3 Kd6 42. e5+ Kc7 43. Nb4 Rc1 44. Na2 Re1+ 45. Kf4 Ra1 46. Rc3+ Kb6 47. Nb4 Rb1 48. Nc2 Rc1 49. Rc8 Kb7 50. Rc5 Bc6 51. Rc4 Kc7 52. g4 Kb6 53. g5 h5 54. Ke3 Bb5 55. Rc8 Kb7 56. Rc3 Kb6 57. Kd2 Rh1 58. Rc8 Rxh4 59. Rf8 Rf4 60. Ke3 Rc4 61. Nd4 Rc3+ 62.
Kf4 Ba6 63. Rxf7 a3 64. Re7 Bc8 65. Nxe6 a2 66. Nc7 Rxc7 0-1

[Event "*** Titled Tuesday Blitz"]
[Site "Chess.com"]
[Date "2019.08.06"]
[Round "6"]
[White "WeAintSurePal"]
[Black "Hanging_pointer"]
[Result "0-1"]
[WhiteElo "2310"]
[BlackElo "2468"]
[TimeControl "180+2"]
[EndTime "14:26:21 PDT"]
[Termination "Hanging_pointer won by resignation"]

1. Nf3 d5 2. b3 Nf6 3. Bb2 e6 4. e3 c5 5. c4 Nc6 6. Be2 d4 7. exd4 cxd4 8. d3 Be7 9. O-O O-O 10. Re1 Ne8 11. Bf1 f6 12. Nbd2 e5 13. a3 a5 14.
g3 Nc7 15. Bg2 Ne6 16. Rb1 Nc5 17. Ne4 Bf5 18. Nxc5 Bxc5 19. Nh4 Be6 20. f4 Qd6 21. f5 Bf7 22. Ra1 Rab8 23. Be4 b5 24. Bc1 Ba7 25. Ng6 Rfc8 26. Qf3 Ne7 27. Nxe7+ Qxe7 28. Bd2 a4 29. Bb4 Qd7 30. cxb5 Qxb5 31. bxa4 Qxa4 32. Rac1 Qa6 33. Bd5 Qb5 34. Be6 Rc3 35. Kg2 Bb6 36. Bxc3 dxc3 37. Bxf7+ Kxf7 38. Rb1 Qd7 39. Rec1 Qc7 40.
Qd5+ Kf8 41. Rb4 Rd8 42. Qc4 Qxc4 43. dxc4 Bd4 44. c5 Rc8 45. Rc4 Ke7 46. Kf3 Kd7 47.
Ke4 Kc6 48. a4 Rb8 49. Rxd4 exd4 50. Kxd4 Rb4+ 51. Kxc3 Kxc5 52. Ra1 Rc4+ 53. Kd3 Rd4+ 54. Ke3 Rd8 55. a5 Ra8 56. a6 Kb6 57. Ke4 Re8+ 58.
Kd4 Ka7 59. Kd5 Re2 60. g4 Rxh2 61. Ke6 Rg2 62. Ra4 h5 63. Kf7 Rxg4 64. Ra5 h4 65.
Ra3 Rg3 66. Ra2 h3 67. Ke6 Rg2 68.
Ra1 h2 69. Rh1 Kxa6 70. Kd5 Kb5 71. Ke4 Kc4 72. Rc1+ Kb3 73. Rh1 Kc2 74. Kf3 Rd2 75. Ke3 Kc3 76. Rc1+ Rc2 77. Rh1 Kc4 78. Ke4 Re2+ 79. Kf3 Kd3 80. Rd1+ Rd2 81. Ra1 Kd4 82. Ra4+ Ke5 83. Rh4 Kxf5 84. Rh5+ Kg6 85. Rh3 Ra2 86. Rg3+ Kf5 87. Rh3 Ra3+ 88. Kg2 Rxh3 89. Kh1 Ra3 0-1

[Event "*** Titled Tuesday Blitz"]
[Site "Chess.com"]
[Date "2019.08.06"]
[Round "6"]
[White "IMDT02"]
[Black "Pechen_Yeltsina"]
[Result "1-0"]
[WhiteElo "2535"]
[BlackElo "2654"]
[TimeControl "180+2"]
[EndTime "14:27:11 PDT"]
[Termination "IMDT02 won by checkmate"]

1. d4 g6 2. Bf4 Bg7 3. Nc3 d6 4.
e4 a6 5. a4 Nd7 6. Qd2 c5 7.
Nf3 cxd4 8. Nxd4 Ngf6 9. Bh6 Bxh6 10. Qxh6 Qb6 11. Nb3 Nc5 12. Qg7 Rg8 13. Nd5 Qb4+ 14. Nxb4 Rxg7 15. e5 Nfe4 16. Nxc5 Nxc5 17. Nd5 Rb8 18.
O-O-O Be6 19. exd6 exd6 20. Nc3 Ke7 21. Be2 Rgg8 22. Rhe1 Rgd8 23. Bf3 b5 24. axb5 axb5 25. Nd5+ Kf8 26. Nb4 Rb6 27. b3 h6 28. Kb2 g5 29.
Bd5 Re8 30. Rd2 Bxd5 31. Rxe8+ Kxe8 32. Nxd5 Rc6 33. Ne3 Ne4 34. Re2 Kd7 35. Nf5 d5 36. f3 Nd6 37. Nxh6 b4 38. Ng4 Ra6 39. Ne5+ Kc7 40. Nd3 Rb6 41. Re7+ Kd8 42. Re5 Rb5 43. Rxg5 f6 44. Rh5 Ke7 45. Nf4 Nf7 46. Rxd5 Rb6 47.
Rd4 Rb5 48. Nd3 Nd8 49. Rxb4 Rd5 50. Re4+ Kf7 51. h4 Rh5 52. g3 Nb7 53. b4 Nd6 54.
Rf4 Rd5 55. Nc5 Kg6 56. Ne4 Nf5 57. h5+ Kg7 58. Nxf6 Rb5 59. Ne8+ Kh6 60. c3 Nxg3 61. Rc4 Rb8 62. Nd6 Nxh5 63. b5 Nf6 64. Rb4 Nd5 65. Rb3 Nb6 66. Ne4 Nc4+ 67. Kc1 Kg6 68. Nd2 Nb6 69. c4 Rc8 70. Kb2 Kf5 71. Kc3 Ke5 72.
Kb4 Rb8 73. Rd3 Ke6 74. c5 Nd5+ 75. Kc4 Ne7 76. c6 Ra8 77. Ne4 Ra1 78. Nc5+ Kf7 79.
c7 Rc1+ 80. Kb4 Rb1+ 81. Nb3 Rb2 82. b6 Ke6 83. b7 Nc6+ 84. Kc3 Ra2 85. c8=Q+ Ke5 86.
Qxc6 Kf4 87. Qe4+ Kg5 88. Qg4+ Kf6 89. Rd6+ Ke5 90. Qd4+ Kf5 91. Rf6+ Kg5 92. Qf4+ Kh5 93. Rh6# 1-0

[Event "*** Titled Tuesday Blitz"]
[Site "Chess.com"]
[Date "2019.08.06"]
[Round "6"]
[White "NoGalloNoParty"]
[Black "Slovak_fighter2000"]
[Result "1/2-1/2"]
[WhiteElo "2321"]
[BlackElo "2467"]
[TimeControl "180+2"]
[EndTime "14:27:15 PDT"]
[Termination "Game drawn - insufficient material"]

1. d4 Nf6 2. c4 c5 3. Nf3 cxd4 4. Nxd4 e5 5. Nb5 d5 6. cxd5 Bc5 7. e3 O-O 8. Be2 a6 9. N5c3 e4 10. O-O Qe7 11.
b3 Bd6 12. Bb2 Qe5 13. g3 Bh3 14. Re1 Qf5 15. Nd2 Be5 16. Qc2 Nbd7 17. f4 exf3 18.
Qxf5 Bxf5 19. Bxf3 Rac8 20. Nc4 Bb8 21. e4 Bg4 22.
Bg2 Ne5 23. Nxe5 Bxe5 24. Na4 Bxb2 25. Nxb2 Rc2 26. Nd3 Rd8 27. Rac1 Rd2 28. Ne5 Be2 29. Nc4 Bxc4 30. Rxc4 g6 31. Rc7 Rd7 32. Rc8+ Kg7 33. Bh3 Re7 34. Bg2 Nxd5 35. Rcc1 Nb4 36. a3 Nd3 37.
Rcd1 Nxe1 38. Rxd2 Nxg2 39. Kxg2 Rxe4 40. Rd7 b5 41.
Rd6 Re3 42. Rxa6 Rxb3 43. g4 Kh6 44. h4 Kg7 45. g5 Rc3 46. Rb6 Rc5 47. Kg3 h6 48.
Kg4 h5+ 49. Kh3 Rc3+ 50. Kh2 Rb3 51. Rb7 Kf8 52. Kg2 Ke8 53. Kh2 Kf8 54. Kg2 Rxa3 55.
Rxb5 Ra4 56. Kh3 Rg4 57. Rb7 Kg7 58. Rc7 Rf4 59. Ra7 Rf3+ 60. Kg2 Rf5 61. Kg3 Kf8 62.
Rb7 Re5 63. Ra7 Re7 64. Ra8+ Kg7 65. Kf4 Rb7 66. Rc8 Rb3 67. Rc4 Rh3 68. Ke5 Rg3 69. Rf4 Re3+ 70. Kd4 Re6 71. Kd5 Kf8 72. Ra4 Re1 73.
Ra8+ Kg7 74. Ra4 Rg1 75. Ke5 Re1+ 76. Kf4 Rb1 77. Re4 Rb5 78. Ra4 Rf5+ 79. Ke4 Rf1 80. Ke5 Rh1 81. Kd5 Rh3 82. Ke5 Rb3 83. Rc4 Rb7 84. Ra4 Re7+ 85. Kd5 f6 86. gxf6+ Kxf6 87. Rf4+ Kg7 88. Re4 Rxe4 89. Kxe4 Kf7 90. Ke3 Ke7 91. Kf4 Kf6 92. Ke4 g5 93. hxg5+ Kxg5 94. Kf3 h4 95. Kg2 h3+ 96. Kxh3 1/2-1/2

[Event "*** Titled Tuesday Blitz"]
[Site "Chess.com"]
[Date "2019.08.06"]
[Round "6"]
[White "Vuk2000"]
[Black "Alexander_Moskalenko"]
[Result "1-0"]
[WhiteElo "2739"]
[BlackElo "2849"]
[TimeControl "180+2"]
[EndTime "14:27:40 PDT"]
[Termination "Vuk2000 won on time"]

1. d4 Nf6 2. Bg5 g6 3. Bxf6 exf6 4. c4 Bg7 5. Nc3 f5 6. g3 O-O 7. e3 Re8 8. Bg2 d6 9. Nge2 Nd7 10. O-O Nf6 11. Qd3 c6 12. b4 Bd7 13. b5 Qc7 14. a4 Qa5 15. Rfb1 a6 16. bxc6 bxc6 17. Nc1 Reb8 18. Nb3 Qc7 19. c5 d5 20. Nd2 a5 21.
Rxb8+ Rxb8 22. Rb1 Bc8 23. Rxb8 Qxb8 24. Qb1 Nd7 25. Qxb8 Nxb8 26. Nb3 Na6 27. Nxa5 Nb4 28. Bf1 Kf8 29. Nb3 Ke7 30. Nc1 Kd8 31. N1a2 Nxa2 32.
Nxa2 Kc7 33. Nb4 Bf6 34. Bd3 Bd8 35. Kf1 Kd7 36. Ke2 Ba5 37. Nc2 f6 38. Na1 Bb4 39. Nb3 Kc7 40. Kd1 Be6 41. Nd2 Bc8 42. Kc2 Bd7 43. Kd1 Bc8 44. Ke2 Bd7 45. h4 h5 46. Nf3 Be6 47. Ng1 Bd7 48. Nh3 Be8 49.
Nf4 Bf7 50. Kd1 Ba5 51. f3 Kd7 52. Ke2 Ke7 53. g4 fxg4 54. fxg4 g5 55. Nxh5 gxh4 56. Nf4 Be8 57. Kf3 Bd2 58. Bf5 Kd8 59. Bg6 Bxg6 60. Nxg6 h3 61. Nh4 Bxe3 62. Nf5 Bg1 63. Kg3 h2 64. Kg2 Kc7 65. Kh1 Kb7 66. Kg2 Ka6 67.
Ne7 Kb7 68. Nf5 Kc7 69. Kh1 Kc8 70. Kg2 Kb7 71. Kh1 Ka6 72. Ne7 Bxd4 73. Nxc6 Bxc5 74. Kxh2 Kb6 75. Nd8 d4 76. Kg3 d3 77. Kf3 Ka5 78.
Ne6 Bb6 79. Nf4 d2 80. Ke2 Be3 81. Nd5 Bg5 82. Nc3 Kb4 83. Ne4 Kb3 84. a5 Bf4 85. a6 Bb8 86. Nxd2+ Kb4 87. Ne4 Kb5 88. Nxf6 Kxa6 89. Kf3 Kb5 90. g5 Bd6 91. Ke4 Kc6 92. Kf5 Bf8 93. Ke6 Bc5 94. g6 Bf8 95. Kf7 Bh6 96.
Ng4 Bf8 97. Kxf8 Kb6 98. g7 1-0

[Event "*** Titled Tuesday Blitz"]
[Site "Chess.com"]
[Date "2019.08.06"]
[Round "6"]
[White "Ginzburg_Yakov"]
[Black "rekosheten"]
[Result "1/2-1/2"]
[WhiteElo "2504"]
[BlackElo "2381"]
[TimeControl "180+2"]
[EndTime "14:28:36 PDT"]
[Termination "Game drawn by 50-move rule"]

1. e4 c6 2. d4 d5 3. Nc3 dxe4 4. Nxe4 Bf5 5. Ng3 Bg6 6. Nf3 e6 7. h4 h6 8. Ne5 Bh7 9. Qh5 Qc7 10. Bc4 Nf6 11. Qe2 Nd5 12. c3 Nd7 13. Nxd7 Qxd7 14.
Nh5 O-O-O 15. Bd2 Kb8 16. O-O-O Ka8 17. Nf4 Bd6 18. Nd3 Qc7 19. Ne5 f6 20. Nd3 Rhe8 21.
Rhe1 e5 22. dxe5 Bxe5 23. Nxe5 Rxe5 24. Qf3 Rde8 25. Bxd5 Rxe1 26. Rxe1 Rxe1+ 27. Bxe1 cxd5 28. Qxd5 a6 29. Bd2 Qe7 30. Be3 Bg6 31. Qd4 Kb8 32. Qa7+ Kc7 33. Bf4+ Kc6 34. Be3 Qe4 35. Qc5+ Kd7 36.
Qd4+ Ke6 37. Qxe4+ Bxe4 38. f3 Bd5 39. b3 Kd6 40. c4 Bc6 41. Kd2 Ke5 42. Kd3 h5 43. a4 Kf5 44. a5 Ke5 45. b4 Ba4 46. Bd2 Bc6 47. Ke3 Bd7 48. Bc3+ Kf5 49. Be1 Bc6 50. Bg3 g5 51. Kd4 g4 52. Ke3 Ba4 53. Bc7 Bc6 54. Bd6 gxf3 55. gxf3 Ba4 56. Kd4 Bd1 57. f4 Kg4 58.
Be7 Kxh4 59. Bxf6+ Kg4 60. Ke3 Bb3 61. c5 Bd5 62. Be5 h4 63. Kf2 h3 64. Kg1 Kg3 65. f5+ Kg4 66. f6 Kf5 67. Bc3 Kg6 68. Kh2 Bg2 69. b5 axb5 70. c6 bxc6 71. Bb4 c5 72.
Bxc5 Kxf6 73. a6 Ke6 74. a7 Kd7 75. Kg3 Kc8 76. a8=Q+ Bxa8 77. Kxh3 Kd7 78. Bf8 Ke6 79. Kg4 Kd5 80. Kf4 Kc4 81. Ke5 Bf3 82. Kf4 Bd1 83.
Ke3 Bc2 84. Kd2 Bd3 85. Ke3 Kc3 86. Be7 Bc4 87. Bf6+ Kc2 88. Kd4 Bg8 89. Kc5 Bc4 90. Kb4 Kb1 91. Bh8 Ka2 92. Bg7 Kb1 93. Kc3 Ka2 94.
Bf8 Bf1 95. Be7 Kb1 96. Bg5 Be2 97. Bh6 Bc4 98. Bg5 Ka2 99. Bh6 Ka3 100. Bf8+ Ka4 101. Bb4 Bf1 102. Bf8 Bg2 103. Be7 Bd5 104. Bf8 Bf7 105. Be7 Bg6 106. Bf8 Bh5 107. Be7 Ka5 108. Bf8 Kb6 109. Be7 Be2 110. Bf8 Bc4 111. Be7 Kc6 112. Bf8 Kd5 113. Be7 Ke6 114. Bf8 Ke5 115. Bb4 Kf6 116. Bc5 Kf7 117. Bb4 Be2 118. Kd4 Ke6 119. Kc5 Bf1 120. Ba5 Ke5 121. Kb4 Kd4 122. Bd8 Kd5 123. Be7 Ke4 124. Bf8 Kf5 125. Bg7 Kg4 126. Bh8 Kf5 127. Bg7 1/2-1/2

[Event "*** Titled Tuesday Blitz"]
[Site "Chess.com"]
[Date "2019.08.06"]
[Round "7"]
[White "Samantha_Ross"]
[Black "AlexanderKing"]
[Result "0-1"]
[WhiteElo "2096"]
[BlackElo "2644"]
[TimeControl "180+2"]
[EndTime "14:31:27 PDT"]
[Termination "AlexanderKing won by checkmate"]

1. c4 e6 2. Nf3 d5 3. e3 Nf6 4. b3 c5 5. Bb2 Nc6 6. cxd5 exd5 7. d4 cxd4 8. Nxd4 Bb4+ 9. Nc3 Qa5 10. Qd3 Ne4 11. Ne2 Bf5 12. g4 Nxc3 13. Qxf5 Ne4+ 14.
Kd1 Ba3 15. Bxg7 Qd2# 0-1

[Event "*** Titled Tuesday Blitz"]
[Site "Chess.com"]
[Date "2019.08.06"]
[Round "7"]
[White "jefferyx"]
[Black "K_A_S_T_O_R"]
[Result "1-0"]
[WhiteElo "2939"]
[BlackElo "2799"]
[TimeControl "180+2"]
[EndTime "14:31:49 PDT"]
[Termination "jefferyx won by resignation"]

1. d4 Nf6 2. c4 e6 3. Nc3 Bb4 4.
Nf3 O-O 5. Bg5 h6 6. Bh4 c5 7. Rc1 cxd4 8. Nxd4 Nc6 9. e3 Be7 10.
Be2 a6 11. O-O d6 12. Nxc6 bxc6 13. Qc2 Qa5 14. Rfd1 Rd8 15. Ne4 g5 16. Nxf6+ Bxf6 17. Bg3 d5 18. cxd5 Rxd5 19. Qxc6 1-0

[Event "*** Titled Tuesday Blitz"]
[Site "Chess.com"]
[Date "2019.08.06"]
[Round "7"]
[White "iLuusions"]
[Black "Pechen_Yeltsina"]
[Result "1/2-1/2"]
[WhiteElo "2552"]
[BlackElo "2651"]
[TimeControl "180+2"]
[EndTime "14:32:14 PDT"]
[Termination "Game drawn by repetition"]

1. d4 g6 2. c4 Bg7 3. Nf3 d6 4.
g3 Nd7 5. Bg2 e5 6. O-O Ne7 7.
Nc3 O-O 8. e4 exd4 9. Nxd4 Nc6 10. Be3 Nde5 11. Nxc6 bxc6 12. b3 Nxc4 13. bxc4 Bxc3 14.
Rc1 Bb2 15. Rc2 Bg7 16. c5 Ba6 17. Re1 dxc5 18. Qxd8 Rfxd8 19. Rxc5 Bb5 20. e5 Bf8 21. Rc2 Ba4 22. Rc4 Bb5 23. Rc2 Ba4 24. Rc4 Bb5 25. Rc2 1/2-1/2

[Event "*** Titled Tuesday Blitz"]
[Site "Chess.com"]
[Date "2019.08.06"]
[Round "7"]
[White "iturrizaga"]
[Black "VladimirBelous"]
[Result "1-0"]
[WhiteElo "2951"]
[BlackElo "2816"]
[TimeControl "180+2"]
[EndTime "14:32:15 PDT"]
[Termination "iturrizaga won by resignation"]

1. c4 c5 2. g3 Nf6 3. Bg2 Nc6 4.
Nc3 g6 5. Nf3 Bg7 6. d4 cxd4 7.
Nxd4 O-O 8. O-O Qa5 9. e3 Nxd4 10. exd4 d6 11. Re1 Bg4 12. Qd2 Rac8 13. b3 d5 14.
Nxd5 Qxd2 15. Nxe7+ Kh8 16. Bxd2 Rc7 17. d5 Rd7 18. h3 Re8 19. Nxg6+ hxg6 20. hxg4 Rxe1+ 21. Rxe1 Nxg4 22. Bh3 f5 23. Bxg4 fxg4 24. Re4 1-0

[Event "*** Titled Tuesday Blitz"]
[Site "Chess.com"]
[Date "2019.08.06"]
[Round "7"]
[White "Alexander_Donchenko"]
[Black "Marcus_Harvey"]
[Result "0-1"]
[WhiteElo "2680"]
[BlackElo "2774"]
[TimeControl "180+2"]
[EndTime "14:32:23 PDT"]
[Termination "Marcus_Harvey won by resignation"]

1. e4 e6 2. d4 d5 3. Nc3 Nf6 4. e5 Nfd7 5. f4 c5 6. Nf3 Nc6 7. Be3 a6 8. Qd2 Qb6 9. Na4 Qb4 10. Qxb4 Nxb4 11. Kd2 b6 12. Be2 Bb7 13. a3 Nc6 14.
c3 c4 15. Rhb1 Na5 16. Bd1 Bc6 17. b4 cxb3 18. Nb2 Nc4+ 19. Ke2 Nxa3 20. Rc1 Bb5+ 21. Kf2 Nc4 22. Rcb1 Rc8 23. Bxb3 Nxe3 0-1

[Event "*** Titled Tuesday Blitz"]
[Site "Chess.com"]
[Date "2019.08.06"]
[Round "7"]
[White "TregubovP"]
[Black "Agent-JL"]
[Result "1-0"]
[WhiteElo "2512"]
[BlackElo "2363"]
[TimeControl "180+2"]
[EndTime "14:32:38 PDT"]
[Termination "TregubovP won by resignation"]

1. d4 Nf6 2. c4 e6 3. Nc3 Bb4 4. e3 c5 5. Bd3 Nc6 6. Ne2 cxd4 7.
exd4 d5 8. cxd5 Nxd5 9. O-O Nxc3 10. bxc3 Bd6 11. Ng3 O-O 12. Qh5 g6 13. Qh6 Ne7 14. Nh5 Nf5 15. Bxf5 Bxh2+ 16. Kh1 Be5 17. Bg5 Qxg5 18.
Qxg5 exf5 19. dxe5 1-0

[Event "*** Titled Tuesday Blitz"]
[Site "Chess.com"]
[Date "2019.08.06"]
[Round "7"]
[White "eljanov"]
[Black "FairChess_on_YouTube"]
[Result "1/2-1/2"]
[WhiteElo "2818"]
[BlackElo "3024"]
[TimeControl "180+2"]
[EndTime "14:32:58 PDT"]
[Termination "Game drawn by agreement"]

1. Nf3 c5 2. e4 e6 3. d4 cxd4 4. Nxd4 Nc6 5. Nc3 Qc7 6. Qd3 a6 7. Nxc6 bxc6 8. Qg3 Qxg3 9. hxg3 Rb8 10. b3 d5 11. Bd2 Ba3 12. Bd3 Nf6 13. O-O O-O 14.
Rad1 h6 15. Rfe1 Bb4 16. Na4 Bxd2 17. Rxd2 Rd8 18. Nc5 a5 19. Red1 Nd7 20. Na4 Nb6 21. Nc5 Nd7 22. Na4 Nb6 1/2-1/2

[Event "*** Titled Tuesday Blitz"]
[Site "Chess.com"]
[Date "2019.08.06"]
[Round "7"]
[White "Etoilegeniale"]
[Black "bluejay1897"]
[Result "1-0"]
[WhiteElo "2524"]
[BlackElo "2289"]
[TimeControl "180+2"]
[EndTime "14:33:12 PDT"]
[Termination "Etoilegeniale won by resignation"]

1. e4 c5 2. Nc3 Nc6 3. Bb5 Nd4 4.
Bc4 e6 5. Nf3 Ne7 6. O-O Nec6 7.
Nxd4 Nxd4 8. d3 Be7 9. f4 O-O 10. f5 d5 11. exd5 exf5 12. Be3 Bd6 13. Bxd4 cxd4 14. Ne2 Qh4 15. g3 Qf6 16. Qe1 Bd7 17.
Qf2 Bc5 18. c3 Rac8 19. Nxd4 Qb6 20. b4 Bxd4 21. Qxd4 Qxd4+ 22. cxd4 b5 23. Bb3 Rc3 24. Rfd1 Rfc8 25. Kf2 Kf8 26. Ke3 Ke7 27. Kd2 Kd6 28. Re1 R8c7 29. Re2 Bc8 30. Rae1 Bb7 31. Re8 Rd7 32.
Kxc3 1-0

[Event "*** Titled Tuesday Blitz"]
[Site "Chess.com"]
[Date "2019.08.06"]
[Round "7"]
[White "oezs95"]
[Black "DiogenesSinopeus"]
[Result "1-0"]
[WhiteElo "2376"]
[BlackElo "2366"]
[TimeControl "180+2"]
[EndTime "14:33:17 PDT"]
[Termination "oezs95 won by resignation"]

1. e4 e5 2. Nf3 Nc6 3. Bc4 Nf6 4. d3 Bc5 5. O-O a6 6. Re1 Ba7 7. c3 O-O 8. Bg5 h6 9. Bh4 g5 10. Bg3 d6 11. Bb3 Bg4 12. h3 Bh5 13. Nbd2 Qe7 14.
Nc4 b5 15. Ne3 Bxe3 16. fxe3 Nd8 17. Rf1 Ne6 18. Qd2 Bg6 19. Rf2 Nh5 20. Bh2 Kh7 21.
Raf1 Neg7 22. g4 Nf6 23. Nxg5+ hxg5 24. Rxf6 Ne6 25. Qf2 Kg7 26. h4 gxh4 27. Qxh4 Rh8 28. Rxg6+ 1-0

[Event "*** Titled Tuesday Blitz"]
[Site "Chess.com"]
[Date "2019.08.06"]
[Round "7"]
[White "LuckyTiger"]
[Black "Bathory44"]
[Result "0-1"]
[WhiteElo "2658"]
[BlackElo "2588"]
[TimeControl "180+2"]
[EndTime "14:33:28 PDT"]
[Termination "Bathory44 won by resignation"]

1. e4 e6 2. d4 d5 3. Bd3 dxe4 4. Bxe4 Nf6 5. Bf3 c5 6. Ne2 Nc6 7. Be3 e5 8. Bxc6+ bxc6 9. dxe5 Qxd1+ 10. Kxd1 Ng4 11.
Nbc3 Be7 12. Ke1 Bf5 13. Bf4 g5 14. Bg3 Bxc2 15. f3 Nh6 16. Bf2 O-O-O 17. g4 f5 18. h3 Nf7 19. Rc1 Bd3 20. Na4 Nxe5 21.
Bxc5 Rhe8 22. Kf2 Bxe2 23. Kxe2 Bxc5 24. Nxc5 Nd3+ 25. Kd2 Nxc5+ 0-1

[Event "*** Titled Tuesday Blitz"]
[Site "Chess.com"]
[Date "2019.08.06"]
[Round "7"]
[White "SergeiAza"]
[Black "FearNoEvil12"]
[Result "1-0"]
[WhiteElo "2786"]
[BlackElo "2001"]
[TimeControl "180+2"]
[EndTime "14:33:44 PDT"]
[Termination "SergeiAza won by resignation"]

1. e4 a6 2. d4 b5 3. Nf3 Bb7 4. Bd3 e6 5. O-O Nf6 6. Re1 d6 7. Nbd2 Nbd7 8. Nf1 h6 9. c3 g5 10. a4 bxa4 11. Qxa4 g4 12. N3d2 h5 13. Ne3 h4 14. e5 Nd5 15. Nxd5 Bxd5 16. c4 Bb7 17. d5 dxe5 18. dxe6 fxe6 19. Bg6+ Ke7 20. Ne4 Bh6 21. Qb4+ c5 22. Qxb7 Rb8 23. Qxa6 Rb6 24.
Qa7 Qg8 25. Rd1 Qxg6 26. Qxd7+ Kf8 27. Ra8+ 1-0

[Event "*** Titled Tuesday Blitz"]
[Site "Chess.com"]
[Date "2019.08.06"]
[Round "7"]
[White "Kawhi_Leonard2"]
[Black "XiaoKangZhong"]
[Result "1-0"]
[WhiteElo "2346"]
[BlackElo "2340"]
[TimeControl "180+2"]
[EndTime "14:33:45 PDT"]
[Termination "Kawhi_Leonard2 won by resignation"]

1. e4 c6 2. d4 d5 3. Nd2 dxe4 4. Nxe4 Nf6 5. Nxf6+ exf6 6. c3 Bd6 7. Bd3 O-O 8.
Qc2 Re8+ 9. Ne2 h5 10. O-O Nd7 11. Be3 Nf8 12. c4 Qc7 13. h3 c5 14. Nc3 a6 15.
Nd5 Qc6 16. Be4 Rxe4 17. Qxe4 Be6 18. dxc5 Bxc5 19. Bxc5 Qxc5 20. Rac1 Ng6 21. b4 Qc6 22. Rfd1 f5 23. Qd4 Kf8 24. b5 Qd7 25. Qc5+ 1-0

[Event "*** Titled Tuesday Blitz"]
[Site "Chess.com"]
[Date "2019.08.06"]
[Round "7"]
[White "GHANDEEVAM2003"]
[Black "chessdjw"]
[Result "0-1"]
[WhiteElo "2922"]
[BlackElo "2680"]
[TimeControl "180+2"]
[EndTime "14:34:01 PDT"]
[Termination "chessdjw won by resignation"]

1. Nf3 g6 2. g3 Bg7 3. Bg2 c5 4. O-O Nc6 5. c3 e5 6. e4 Nge7 7. Na3 O-O 8. Nc2 d5 9. exd5 Nxd5 10. Re1 Bf5 11. d3 Nb6 12. Be3 Na4 13. Nb4 Nxb2 14.
Nxc6 bxc6 15. Qb3 Nxd3 16. Red1 e4 17. Nh4 Be6 18. Qa4 Nb2 19. Rxd8 Nxa4 20. Rxa8 Rxa8 21. Rb1 Nxc3 22. Rb7 Bd4 23. Rc7 Bxa2 24. Rxc6 a5 25. Bf1 a4 0-1

[Event "*** Titled Tuesday Blitz"]
[Site "Chess.com"]
[Date "2019.08.06"]
[Round "7"]
[White "kesarev"]
[Black "Litti"]
[Result "1-0"]
[WhiteElo "2515"]
[BlackElo "2482"]
[TimeControl "180+2"]
[EndTime "14:34:02 PDT"]
[Termination "kesarev won by resignation"]

1. Nf3 d5 2. c4 e6 3. g3 Nf6 4. Bg2 Be7 5. O-O O-O 6. b3 c5 7.
Bb2 d4 8. e3 Nc6 9. exd4 cxd4 10.
Re1 Ne8 11. d3 f6 12. Na3 e5 13. Nc2 a5 14. a3 Nc7 15. Qd2 Na6 16. Qe2 Nc5 17.
b4 Nb3 18. b5 Nxa1 19. Bxa1 Nb8 20. Nh4 f5 21. Qxe5 Bxh4 22. gxh4 Qf6 23. Qd5+ Kh8 24.
Bxd4 Qxh4 25. Qf7 Rg8 26. Re8 1-0

[Event "*** Titled Tuesday Blitz"]
[Site "Chess.com"]
[Date "2019.08.06"]
[Round "7"]
[White "ruvat"]
[Black "santosalberto1987"]
[Result "1-0"]
[WhiteElo "2370"]
[BlackElo "2453"]
[TimeControl "180+2"]
[EndTime "14:34:04 PDT"]
[Termination "ruvat won by resignation"]

1. d4 d5 2. c4 c6 3. Nf3 Nf6 4. Qc2 g6 5. Bf4 Bf5 6. Qb3 Qb6 7. e3 Nbd7 8. Nc3 Bg7 9. h3 O-O 10. c5 Qxb3 11. axb3 a6 12. b4 Ne4 13. g4 Nxc3 14.
gxf5 Ne4 15. Rg1 Rae8 16. h4 e5 17. fxe6 fxe6 18. Ne5 Nxe5 19. dxe5 h6 20. Rxg6 Kh7 21. Rg2 Rf5 22. f3 Bxe5 23. fxe4 dxe4 24. Bxe5 Rxe5 25.
Rd1 Rd5 26. Bc4 Rxd1+ 27. Kxd1 Re7 28. Ke2 h5 29. Rg5 Kh6 30. Re5 1-0